Unix NetHack Version 3.7.0-50 Work-in-progress - last build Feb 18 2022 03:49:16. Game began 2022-02-22 17:03:41, ended 2022-02-22 17:11:11. greg, lawful female human Valkyrie -------- #@f# |......| ... ## # # |......| ## --------.------ |...^..| ####-.............| ----------- |...<..| # |.............| |.........| |......| # |.............. |.........| ##.......| ----.-- # |.............| #....---...| # -------- |.....)## |.............| #####|...| |...| # |....{| --------------- # |...---....######## |.....| `##################### |.........| |.....-### |.........| ------- ----------- Greg the Stripling St:18/01 Dx:12 Co:16 In:10 Wi:7 Ch:10 Lawful S:257 Dlvl:4 $:19 HP:0(19) Pw:2(2) AC:2 Xp:1/17 T:891 Latest messages: You feel something move nearby. The kitten misses the water moccasin. The water moccasin starts to attack you, but pulls back. The water moccasin starts to attack you, but pulls back. The water moccasin starts to attack you, but pulls back. You feel something move nearby. The kitten misses the water moccasin. You feel something move nearby. The kitten misses the water moccasin. You finish your prayer. You feel that Tyr is well-pleased. You feel much better. You hit the water moccasin! The water moccasin just misses! The water moccasin bites! The water moccasin bites! A water moccasin was hidden under an orcish dagger! The water moccasin bites! The kitten misses the water moccasin. The water moccasin bites! What do you want to read? [hjk or ?*] ? As you read the scroll, it disappears. The neighborhood is friendlier. In what direction? h What do you want to read? [hk or ?*] ? What do you want to read? [hk or ?*] Never mind. You swap places with your water moccasin. You swap places with your kitten. You swap places with your water moccasin. The kitten bites the grid bug. The grid bug is killed! You swap places with your water moccasin. The kitten misses the jackal. The water moccasin misses the jackal. The water moccasin bites the jackal. The jackal is killed! You swap places with your water moccasin. There is a doorway here. You see here an orcish dagger. You miss the jackal. The jackal bites! You miss the jackal. The jackal bites! You kill the jackal! You stop. Your water moccasin is in the way! You kill the gas spore! You are caught in the gas spore's explosion! It is fatal. Do you want your possessions identified? [ynq] (y) q Major events: Turn 1: greg the lawful human Valkyrie entered the dungeon 31: entered new level 2, The Dungeons of Doom 147: entered new level 3, The Dungeons of Doom 343: hit with a wielded weapon for the first time 343: killed for the first time 423: became literate by engraving "forked" 577: entered new level 4, The Dungeons of Doom 581: changed form for the first time, becoming a human zombie 602: ate for the first time - clove of garlic 816: consumed animal products for the first time, by eating a goblin corpse 833: rejected atheism with a prayer Inventory: Coins $ - 19 gold pieces Weapons b - a +0 dagger (alternate weapon; not wielded) a - a +1 long sword (weapon in hand) Armor f - an uncursed +0 pair of leather gloves (being worn) c - an uncursed burnt +3 small shield (being worn) i - an uncursed +0 scale mail (being worn) Comestibles d - an uncursed food ration e - an uncursed food ration Scrolls k - an uncursed scroll of destroy armor h - an uncursed scroll of light Wands l - a wand of secret door detection (0:13) Gems/Stones r - an uncursed jasper stone m - an uncursed obsidian stone q - an uncursed worthless piece of black glass n - an uncursed worthless piece of orange glass p - an uncursed worthless piece of violet glass Greg the Valkyrie's attributes: Background: You were a Stripling, a level 1 human Valkyrie. You were lawful, on a mission for Tyr who was opposed by Odin (neutral) and Loki (chaotic). You were in the Dungeons of Doom, on level 4. You entered the dungeon 891 turns ago. You had 17 experience points, 3 more were needed to attain level 2. Your score was 257 before end-of-game adjustments. Basics: You had 0 out of 19 hit points. You had both energy points (spell power). Your armor class was 2. Your wallet contained 19 zorkmids. Autopickup was on for '$' plus thrown. Final Characteristics: Your strength was 18/01 (limit:18/100). Your dexterity was 12 (limit:18). Your constitution was 16 (limit:18). Your intelligence was 10 (limit:18). Your wisdom was 7 (limit:18). Your charisma was 10 (limit:18). Final Status: You were not hungry. You were unencumbered. You were wielding a long sword. You had basic skill with long sword. Final Attributes: You were devoutly aligned. You were cold resistant. You saw invisible. You were stealthy. You were warded. You are dead. Miscellaneous: You never encountered a bones level. Total elapsed playing time was 7 minutes and 29 seconds. Vanquished creatures: a coyote a gas spore a large kobold a brown mold 2 jackals 2 foxes 2 goblins 2 grid bugs 12 creatures vanquished. No species were genocided or became extinct. Voluntary challenges: You read items or engraved 2 times. You never engraved Elbereth. You never genocided any monsters. You never polymorphed an object. You used no wishes. The Dungeons of Doom: levels 1 to 4 Level 1: Level 2: Level 3: Level 4: <- You were here. A fountain. Final resting place for you, killed by a gas spore's explosion. Game over: ---------- / \ / REST \ / IN \ / PEACE \ / \ | greg | | 19 Au | | killed by a gas | | spore's | | explosion | | | | 2022 | *| * * * | * _________)/\\_//(\/(/\)/\//\/|_)_______ Farvel greg the Valkyrie... You died in The Dungeons of Doom on dungeon level 4 with 256 points, and 19 pieces of gold, after 891 moves. You were level 1 with a maximum of 19 hit points when you died.